noty, neutral male scurrid Tourist --------+-- |.........| +.........| |...@.%...| |...[...>.| -.--------- noty the Rambler Experience level: 1 Strength: 14 Dexterity: 13 Constitution: 13 Intelligence: 13 Wisdom: 9 Charisma: 13 Health: 0(9) Energy: 2(2) Def: 0 Gold: 943 Moves: 44 Dungeon seed: uytMkjn075QL2nUi Game ID: noty_1498607707 Your Inventory: Coins $ - 943 gold pieces Weapons a - 35 blessed +2 darts (in quiver) Armor e - an uncursed +0 Hawaiian shirt (being worn) Comestibles b - 2 uncursed pancakes c - 2 uncursed tins of goblin meat d - an uncursed chestnut f - an uncursed orange g - an uncursed cream pie h - 2 uncursed food rations i - 2 uncursed fortune cookies j - 2 uncursed carrots Scrolls l - 4 uncursed scrolls of magic mapping Potions k - 2 uncursed potions of extra healing Wands o - an uncursed wand of secret door detection (0:15) Tools m - an uncursed expensive camera (0:71) n - an uncursed credit card p - an uncursed towel Spells and supernatural/magical abilities: Name Level Category Fail Memory W - pray for help -- divine ? -- Your skills at the end: Miscellaneous Skills wands [Basic] Weapon Skills dart [Basic] Spellcasting Skills Final Attributes: You were devoutly aligned. You had infravision. You were very stealthy. You are dead. Voluntary challenges: You went without food. You did not adorn yourself with jewelry or accessories. You did not cause conflict. You were not invisible. You did not have reflection. You were not displaced. You were an atheist. You never hit with a wielded weapon. You were a pacifist. You did not use tools. You did not use plumbed fixtures. You did not drink any magical draughts. You were illiterate. You never genocided any monsters. You never polymorphed an object. You never changed form. You used no wishes. You never split a pudding. You never wrote Elbereth's name. You never violated your personal moral code. Dungeon overview: The Dungeons of Doom: levels 1 to 19 Level 1 a long staircase Level 2 Level 3 Level 4 a fountain Level 5 Level 6 Level 7 Level 8 a long staircase Level 9 Level 10 Level 11 Level 12 Level 13 a general store Level 14 Level 15 Level 16 Level 17 Level 18 a general store Level 19 <- You were here History has recorded: On T:1 you entered the Dungeons of Doom to retrieve the Amulet of Yendor! On T:4 you reached level 2 of The Dungeons of Doom. On T:7 you reached level 3 of The Dungeons of Doom. On T:9 you reached level 4 of The Dungeons of Doom. On T:11 you reached level 5 of The Dungeons of Doom. On T:13 you reached level 6 of The Dungeons of Doom. On T:16 you reached level 7 of The Dungeons of Doom. On T:18 you reached level 8 of The Dungeons of Doom. On T:20 you reached level 9 of The Dungeons of Doom. On T:22 you reached level 10 of The Dungeons of Doom. On T:26 you reached level 11 of The Dungeons of Doom. On T:28 you reached level 12 of The Dungeons of Doom. On T:31 you reached level 13 of The Dungeons of Doom. On T:35 you reached level 15 of The Dungeons of Doom. On T:37 you reached level 16 of The Dungeons of Doom. On T:37 you entered the Rogue tribute level. On T:40 you reached level 17 of The Dungeons of Doom. On T:42 you reached level 18 of The Dungeons of Doom. Score breakdown: Gold: 73 ( 7 points) Experience: 1 level ( 0 points) Exploration: 19 levels ( 540 points) Discoveries: 1 item ( 50 points) Variety of kills: 0 monsters ( 0 points) Major goal: (nothing yet) ( 0 points) Survival: died (score multiplied by 3) Total score: 1791 Latest messages: You continue digging downward. You dig a pit in the floor. You continue digging downward. You dig a hole through the floor. You fall through... "Aloha, noty! Welcome to Budereyri's general store!" You see here a small shield (4 zorkmids). You start digging downward. "Be careful, sir, or you might fall through the floor." You continue digging downward. You dig a pit in the floor. You continue digging downward. You dig a hole through the floor. You fall through... The adjacent object falls through the hole. You owe Budereyri 4 zorkmids for goods lost. You escaped the shop without paying! You stole 4 zorkmids worth of merchandise. An alarm sounds! The Keystone Kops are after you! Budereyri zaps a uranium wand! The wand hits you! You die... Final status: Aloha noty the Tourist, killed by a force bolt... You died in The Dungeons of Doom on dungeon level 19 with 1791 points, and 943 pieces of gold, after 44 moves. You were level 1 with a maximum of 9 hit points when you died.